 Dungeon Crawl Stone Soup version 0.28-a0-592-g6fc52098c6 (webtiles) character file.

Game seed: 772609339553373906

433 MrRokkomies the Magician (level 7, -2/52 HPs)
             Began as a Djinni Hedge Wizard on Oct 4, 2021.
             Slain by a sky beast (5 damage)
             ... on level 5 of the Dungeon.
             The game lasted 00:10:37 (6646 turns).

MrRokkomies the Magician (Djinni Hedge Wizard)      Turns: 6646, Time: 00:10:37

Health: -2/52      AC:  4    Str:  9    XL:     7   Next: 20%
Gold:   222        EV: 17    Int: 21    God:
                   SH:  0    Dex: 12

rFire   + + .      SeeInvis .   a - +0 dagger (protect)
rCold   x . .      Faith    .   (no shield)
rNeg    . . .      Spirit   .   b - +0 robe
rPois   ∞          Reflect  .   o - +1 helmet {Int+3}
rElec   .          Harm     .   (no cloak)
rCorr   .          Rampage  .   (no gloves)
Will    .....                   (boots unavailable)
Stlth   ++........              (no amulet)
HPRegen 0.17/turn               j - +4 ring of evasion
MPRegen 0.00/turn               (no ring)

@: flying
A: sickness immunity, fire resistance 2, cold vulnerability 1, float, innate
caster, hp casting, extra vitality 1
a: no special abilities


You were on level 5 of the Dungeon.
You visited 1 branch of the dungeon, and saw 5 of its levels.

You collected 222 gold pieces.

Inventory:

Hand Weapons
 a - a +0 dagger of protection (weapon)
 f - a +0 short sword
 n - a +0 dagger
Missiles
 h - 41 poisoned darts
Armour
 b - a +0 robe (worn)
 o - a +1 helmet of intelligence (worn)
Magical Staves
 d - a staff of death
Jewellery
 j - a +4 ring of evasion (left hand)
Wands
 m - a wand of acid (10)
Scrolls
 c - a scroll of torment {unknown}
 k - 2 scrolls of identify
 l - a scroll of magic mapping {unknown}
Potions
 e - a potion of curing {unknown}
 g - 2 potions of cancellation {unknown}
 i - a potion of haste {unknown}


   Skills:
 * Level 4.0 Fighting
 + Level 3.9 Dodging
 - Level 1.7 Stealth
 * Level 4.2 Spellcasting


You couldn't memorise any spells.
You knew the following spells:

 Your Spells              Type           Power      Damage    Failure   Level
a - Magic Dart            Conj           88%        1d7       1%          1
b - Blink                 Tloc           N/A        N/A       3%          2
c - Call Imp              Summ           22%        N/A       3%          2
d - Slow                  Hex            22%        N/A       3%          2
e - Conjure Flame         Conj/Fire      22%        6-21      6%          3
f - Mephitic Cloud        Conj/Pois/Air  22%        N/A       6%          3
g - Apportation           Tloc           44%        N/A       1%          1
h - Passwall              Tmut/Erth      18%        N/A       3%          2
i - Portal Projectile     Hex/Tloc       44%        N/A       6%          3
Your spell library was empty.

Dungeon Overview and Level Annotations

Branches:
Dungeon (5/15)
 Temple: D:4-7

Altars:
Elyvilon
Kikubaaqudgha
Sif Muna

Shops:
D:2 (

Annotations:
D:4 Grinder


Innate Abilities, Weirdness & Mutations

You are immune to sickness and miasma.
You are immune to poison.
Your flesh is very heat resistant. (rF++)
You are vulnerable to cold. (rC-)
You float through the air rather than walking.
You learn spells naturally, not from books.
Your magical power is your life essence.
You have superior vitality. (+4 HP)


Message History

The sky beast hits you but does no damage.
You swap places.
Your white imp gestures at the sky beast.
The puff of frost hits the sky beast!
What are your orders? t - Shout!
Orders for allies: a - Attack new target. r - Retreat! s - Stop attacking. g - Guard the area. f - Follow me.
Anything else - Cancel.
Gang up on whom?
Press: ? - help, Dir - move target, f - sky beast
Aim: a sky beast (moderately wounded, ally target) Attack!
The sky beast hits your white imp. The sky beast shocks your white imp.
Your white imp barely misses the sky beast.
The sky beast flickers out of sight!
Deactivating autopickup; reactivate with Ctrl-A.
Something closely misses your white imp.
Something closely misses your white imp.
Something hits your white imp but does no damage.
Something hits your white imp but does no damage.
Something hits your white imp but does no damage.
Something barely misses your white imp. Something barely misses your white imp.
Something hits your white imp but does no damage.
Something closely misses your white imp.
Something hits your white imp.
Your white imp dies!
Your white imp disappears in a puff of smoke!
You completely miss something. Something hits you. Something shocks you.
* * * LOW HITPOINT WARNING * * *
You closely miss something. Something hits you.
* * * LOW HITPOINT WARNING * * *
Something shocks you.
* * * LOW HITPOINT WARNING * * *
You miss something. Something barely misses you. Something hits you.
* * * LOW HITPOINT WARNING * * *
Something shocks you.
You die...

##.....#.##
#..###.....
#..###...###
#.........##
#.##.......#
#.#..........
#.##.......##
#######.##..:...#
..........@....##
#######....##...#
######## #..#.#
#...# .......#
#..#.# # ######.#
#..#)# #.#
#..#)### #.#
#...)..# #.#
##.#.........
#### #.#
#.#.........


There were no monsters in sight!

Vanquished Creatures
  An ogre (D:5)
  An orc priest (D:5)
  3 iguanas
  Natasha (D:3)
  3 orc wizards (D:5)
  3 adders
  An adder skeleton (D:4)
  5 orcs (D:5)
  4 bats
  8 endoplasms
  4 giant cockroaches
  4 goblins
  7 hobgoblins
  4 jackals
  3 quokkas
  3 ball pythons
  3 frilled lizards (D:3)
  7 kobolds
  3 rats
68 creatures vanquished.

Vanquished Creatures (collateral kills)
  3 gnolls (D:3)
  2 worms
  A dart slug (D:1)
  2 jackals (D:1)
8 creatures vanquished.

Grand Total: 76 creatures vanquished

Notes
Turn   | Place    | Note
-------+----------+-------------------------------------------
     0 | D:1      | MrRokkomies the Djinni Hedge Wizard began the quest for the
                  | Orb.
     0 | D:1      | Reached XP level 1. HP: 15/15 MP: 0/0
   585 | D:1      | Reached XP level 2. HP: 18/21 MP: 0/0
   757 | D:1      | HP: 1/21 [jackal (2)]
  1405 | D:1      | Reached XP level 3. HP: 21/26 MP: 0/0
  1405 | D:1      | Learned a level 1 spell: Apportation
  1709 | D:1      | Reached skill level 1 in Fighting
  2589 | D:2      | Found a faded altar of an unknown god.
  2818 | D:2      | Found Icry Gui's Antique Weapon Boutique.
  3125 | D:3      | Reached XP level 4. HP: 30/32 MP: 0/0
  4153 | D:3      | Noticed Natasha
  4160 | D:3      | Killed Natasha
  4161 | D:3      | Reached XP level 5. HP: 34/38 MP: 0/0
  4161 | D:3      | Learned a level 2 spell: Passwall
  4529 | D:4      | Noticed a yak
  4529 | D:4      | Noticed a yak
  4529 | D:4      | Noticed a yak
  4529 | D:4      | Noticed a yak
  4529 | D:4      | Noticed a yak
  5239 | D:4      | Noticed Grinder
  5239 | D:4      | You are sucked into a shaft and drop 1 floor!
  5239 | D:5      | Entered Level 5 of the Dungeon
  5657 | D:4      | Noticed a yak
  5796 | D:4      | Reached XP level 6. HP: 33/45 MP: 0/0
  6025 | D:5      | Noticed an ogre
  6064 | D:5      | Killed an ogre
  6570 | D:5      | Found a white marble altar of Elyvilon.
  6612 | D:5      | Noticed a sky beast
  6620 | D:5      | Reached XP level 7. HP: 41/51 MP: 0/0
  6620 | D:5      | Learned a level 3 spell: Portal Projectile
  6646 | D:5      | Slain by a sky beast

Illustrated notes

Levels and vault maps discovered:
D:1:      dpeg_arrival_rooms_c, layout_loops_corners,
          chequers_serial_rivers_micro_b
D:2:      layout_loops_cross, dilly_ecumenical_altar_fadedgnrine, serial_shops,
          nicolae_shop_behind_doors, kennysheep_decorative_pillar,
          minmay_misc_feat_room, mrwooster_statue_mirror
D:3:      layout_basic, kennysheep_small_spiral, uniq_natasha
D:4:      layout_loops_cross, mainiacjoe_overflow_alcove_4,
          minmay_goblin_kobold_house, uniq_grinder
D:5:      layout_loops_ring, gammafunk_temple_overflow_statue, uniq_pikel

Skill      XL: |  1  2  3  4  5  6  7 |
---------------+----------------------+-----
Fighting       | 1 2 3 4 |  4.0
Spellcasting   | 3 4 |  4.2
Dodging        | 3 |  3.9
Stealth        | |  1.7

Action                   |  1- 3 |  4- 6 |  7- 9 || total
-------------------------+-------+-------+-------++-------
Melee: Dagger            |     5 |   178 |    10 ||   193
       Short sword       |    39 |    15 |       ||    54
Throw: Dart              |       |     4 |       ||     4
 Cast: Magic Dart        |    70 |    62 |       ||   132
       Call Imp          |     3 |    13 |     1 ||    17
       Mephitic Cloud    |       |     2 |       ||     2
Evoke: Wand              |       |     3 |       ||     3
  Use: Scroll            |     4 |     3 |       ||     7
 Stab: Sleeping          |     1 |     4 |       ||     5
       Confused          |       |     2 |       ||     2
       Distracted        |       |     1 |       ||     1
Armor: Robe              |    15 |    57 |     3 ||    75
Dodge: Dodged            |    48 |   157 |     3 ||   208

Table legend: (Time is in decaauts)
 A = Elapsed time spent in this place.
 B = Non-inter-level travel time spent in this place.
 C = Inter-level travel time spent in this place.
 D = Time resting spent in this place.
 E = Time spent auto-exploring this place.
 F = Levels seen in this place.
 G = Mean time per level.
                   A        B        C        D        E       F      G
               +--------+--------+--------+--------+--------+-----+--------+
         Total |   6650 |   6553 |     97 |   1338 |   4321 |   5 | 1330.0 |
       Dungeon |   6650 |   6553 |     97 |   1338 |   4321 |   5 | 1330.0 |
               +--------+--------+--------+--------+--------+-----+--------+

Top non-repeatable levels by time:
     D:1: 1996 daAuts
     D:3: 1622 daAuts
     D:4: 1232 daAuts
     D:2: 918 daAuts
     D:5: 881 daAuts
